Map: Acolyte LE

Players

Chend - Winner!

  • Race: Zerg Zerg
  • League: Diamond
  • Spawn Location: 7:00

citizen

  • Race: Protoss Protoss
  • League: Platinum
  • Spawn Location: 1:00

VOD

Have the link to the VOD?

Description

Time

  • Played on: Nov. 4, 2017, 2:21 p.m.
  • Length: 13:10
Show
View Real Time Build Order
Export as new Build Order

Chend Zerg - Winner!

Build Orders: Hatch First 

Get SALT Encoding   

  12  0:05  Drone  
  13  0:12  Overlord  
  13  0:23  Drone  
  14  0:31  Drone x2  
  16  0:38  Drone  
  17  0:51  Drone  
  18  1:00  Drone  
  18  1:01  Hatchery  
  18  1:04  Extractor  
  17  1:16  Spawning Pool  
  16  1:19  Drone  
  16  1:22  Drone  
  18  1:36  Drone  
  19  1:47  Overlord  
  19  2:06  Drone x2  
  19  2:07  Queen  
  23  2:18  Queen  
  25  2:23  Hatchery  
  25  2:26  Drone  
  25  2:38  Metabolic Boost  
  25  2:40  Drone x3  
  28  2:50  Drone x3  
  31  3:06  Queen  
  31  3:08  Pneumatized Carapace  
  31  3:11  Drone x3  
  36  3:15  Overlord  
  36  3:22  Overlord  
  36  3:37  Queen  
  38  3:52  Zergling x6  
  41  3:56  Zergling x2  
  41  4:01  Drone x3  
  41  4:02  Drone x2  
  47  4:06  Overlord x2  
  47  4:07  Drone x3  
  50  4:18  Drone x2  
  50  4:19  Drone x3  
  55  4:32  Drone  
  55  4:33  Roach Warren  
  55  4:34  Drone  
  55  4:35  Drone x3, Extractor  
  58  4:49  Queen  
  58  4:51  Drone x4  
  58  4:52  Drone x4  
  68  4:53  Overlord x3  
  68  4:58  Lair  
  67  5:15  Zergling x10  
  67  5:17  Spore Crawler  
  66  5:32  Drone x2  
  66  5:33  Drone x4  
  72  5:35  Overlord  
  72  5:36  Overlord x2  
  72  5:39  Spore Crawler  
  72  5:41  Spore Crawler, Drone x2  
  72  5:43  Extractor  
  72  5:44  Drone x2  
  72  5:45  Drone x2  
  72  5:46  Extractor  
  72  5:47  Drone  
  75  6:02  Drone x2  
  77  6:07  Spore Crawler, Extractor  
  77  6:09  Drone x3  
  77  6:10  Drone x3, Extractor  
  81  6:11  Drone x3  
  81  6:14  Glial Reconstitution  
  83  6:20  Hydralisk Den  
  83  6:23  Drone x2  
  83  6:25  Roach x3  
  90  6:27  Evolution Chamber x2  
  88  6:34  Queen  
  90  6:41  Hatchery  
  89  6:52  Spore Crawler  
  88  6:56  Roach x2  
  88  6:57  Roach x3  
  88  6:58  Hydralisk x6  
  88  6:59  Hydralisk  
  112  7:04  Muscular Augments  
  112  7:05  Zerg Missile Weapons Level 1, Zerg Ground Armor Level 1  
  112  7:09  Overlord x4  
  112  7:31  Overseer  
  112  7:33  Overseer  
  112  7:45  Hydralisk  
  112  7:46  Hydralisk x10  
  134  7:54  Queen  
  136  7:59  Hatchery  
  136  8:03  Drone x2  
  136  8:04  Drone x3  
  136  8:05  Drone  
  141  8:06  Drone  
  141  8:10  Spore Crawler x2  
  141  8:12  Spine Crawler  
  139  8:17  Spine Crawler  
  138  8:25  Roach  
  138  8:26  Roach x8  
  156  8:31  Extractor  
  156  8:32  Drone x3  
  158  8:35  Overlord  
  158  8:37  Overlord  
  158  8:53  Queen  
  160  9:07  Ravager x4  
  160  9:08  Lurker Den  
  160  9:09  Zerg Missile Weapons Level 2  
  164  9:10  Zerg Ground Armor Level 2  
  164  9:17  Hydralisk x8  
  164  9:19  Overlord x3  
  180  9:35  Queen  
  180  9:36  Extractor  
  181  9:41  Overseer x3  
  181  9:46  Burrow, Tunneling Claws  
  181  9:50  Drone x2  
  181  9:51  Drone  
  184  10:19  Spire  
  183  10:26  Infestation Pit  
  182  10:31  Drone x3  
  182  10:32  Drone x5  
  188  10:51  Hydralisk x7  
  188  10:55  Roach  
  195  11:05  Roach  
  195  11:17  Overlord x5  
  166  11:27  Hive  
  154  11:45  Corruptor x3  
  154  11:46  Corruptor x11  
  174  11:52  Hydralisk x6  
  174  11:53  Hydralisk x2  
  183  11:55  Roach  
  183  11:56  Roach x8  
  191  12:15  Roach x5  
  192  12:45  Hydralisk  
  192  12:46  Hydralisk x3  
Show
View Real Time Build Order
Export as new Build Order

citizen Protoss 

Build Orders:  

Get SALT Encoding   

  12  0:01  Probe (Chrono Boost)  
  13  0:12  Probe (Chrono Boost)  
  14  0:22  Probe (Chrono Boost)  
  15  0:30  Pylon  
  15  0:48  Probe (Chrono Boost)  
  16  0:59  Probe (Chrono Boost)  
  17  1:10  Probe (Chrono Boost)  
  18  1:17  Nexus  
  18  1:20  Probe (Chrono Boost)  
  19  1:25  Gateway  
  19  1:31  Assimilator, Probe (Chrono Boost)  
  20  1:41  Probe (Chrono Boost)  
  21  1:50  Gateway  
  21  1:56  Probe (Chrono Boost)  
  22  2:02  Assimilator  
  22  2:06  Probe (Chrono Boost)  
  23  2:16  Cybernetics Core  
  23  2:35  Zealot  
  25  2:37  Probe (Chrono Boost)  
  25  2:38  Probe (Chrono Boost)  
  27  2:48  Probe (Chrono Boost)  
  27  2:49  Probe (Chrono Boost)  
  29  2:53  Pylon  
  29  2:56  Warp Gate (Chrono Boost)  
  30  2:58  Probe (Chrono Boost)  
  30  3:00  Probe (Chrono Boost)  
  31  3:09  Probe (Chrono Boost)  
  31  3:10  Probe (Chrono Boost)  
  31  3:12  Stargate  
  33  3:19  Probe (Chrono Boost)  
  34  3:21  Probe (Chrono Boost)  
  35  3:28  Pylon, Probe (Chrono Boost)  
  35  3:31  Probe  
  37  3:36  Gateway  
  37  3:38  Robotics Facility  
  37  3:39  Probe  
  38  3:43  Probe  
  39  3:49  Assimilator, Probe  
  40  3:55  Probe  
  40  4:00  Probe  
  42  4:02  Nexus  
  42  4:06  Pylon  
  42  4:08  Probe  
  47  4:11  Probe  
  47  4:13  Oracle (Chrono Boost)  
  47  4:20  Probe  
  47  4:23  Stalker x2, Probe  
  53  4:28  Assimilator  
  53  4:32  Probe  
  53  4:36  Probe  
  55  4:43  Stargate  
  55  4:44  Probe  
  55  4:45  Oracle (Chrono Boost)  
  59  4:48  Probe  
  60  4:56  Probe  
  61  5:00  Probe  
  61  5:02  Gateway  
  61  5:03  Gateway  
  62  5:08  Twilight Council  
  62  5:14  Probe  
  63  5:29  Oracle (Chrono Boost)  
  63  5:32  Oracle (Chrono Boost)  
  63  5:35  Sentry x2  
  73  5:37  Probe x3  
  73  5:40  Assimilator  
  76  5:43  Pylon  
  76  5:44  Assimilator  
  76  5:47  Probe  
  77  5:59  Blink  
  77  6:01  Oracle (Chrono Boost), Probe x2  
  82  6:05  Probe  
  83  6:13  Probe x2  
  85  6:21  Pylon  
  85  6:24  Forge  
  85  6:27  Forge  
  85  6:38  Probe  
  85  6:39  Probe x2  
  85  6:52  Probe  
  86  6:57  Oracle x2 (Chrono Boost)  
  86  7:00  Pylon  
  92  7:04  Probe  
  93  7:14  Pylon  
  93  7:16  Pylon, Probe  
  93  7:18  Pylon, Probe x2  
  93  7:19  Protoss Ground Armor Level 1, Protoss Ground Weapons Level 1, Pylon  
  96  7:26  Mothership Core  
  98  7:30  Probe x2  
  98  7:33  Stalker x3  
  98  7:34  Stalker x2  
  110  7:53  Probe  
  111  7:59  Nexus  
  111  8:02  Pylon, Probe  
  111  8:03  Pylon, Probe  
  111  8:04  Pylon  
  111  8:05  Stalker x3  
  117  8:06  Stalker x2  
  123  8:22  Probe x2  
  125  8:43  Assimilator  
  125  8:45  Gateway, Assimilator  
  125  8:47  Gateway  
  125  8:49  Gateway  
  125  8:52  Photon Cannon  
  125  8:53  Photon Cannon  
  125  8:58  Photon Cannon  
  125  8:59  Fleet Beacon  
  125  9:07  Stargate  
  125  9:12  Stargate  
  125  9:14  Pylon  
  125  9:30  Stalker x3  
  125  9:31  Stalker x2  
  135  9:49  Stalker  
  135  9:52  Carrier x2 (Chrono Boost)  
  155  10:04  Pylon, Carrier (Chrono Boost)  
  155  10:05  Pylon  
  155  10:10  Photon Cannon  
  155  10:20  Stalker x4  
  155  10:21  Stalker x2  
  165  10:22  Stalker x2  
  171  10:41  Photon Cannon  
  171  10:43  Photon Cannon  
  171  10:45  Photon Cannon  
  149  11:00  Stalker x3  
  149  11:01  Stalker x4  
  149  11:02  Stalker  
  163  11:11  Carrier (Chrono Boost)  
  179  11:12  Carrier (Chrono Boost)  
  167  11:23  Carrier (Chrono Boost)  
  149  11:29  Graviton Catapult  
  149  11:30  Carrier (Chrono Boost)  
  119  11:52  Stalker x3  
  119  11:53  Stalker x3  
  137  11:56  Probe  
  137  11:57  Probe x2  
  131  12:09  Stalker x2  
  137  12:32  Nexus  
  137  12:35  Pylon  
  120  12:45  Stalker x4  
  120  12:46  Stalker x2  
  115  13:00  Stalker  
Tags
 
Add a new tag
Caveats
  • Supply blocks, unpowered buildings, or Contaminate may cause inaccurate times.
  • Supply counts are checked every 10 seconds.